 Dungeon Crawl Stone Soup version 0.30-a0-777-ga9a30cbeda (webtiles) character file.

Game seed: 6364711129294343208

172 Crownlay the Trooper (level 5, 0/41 HPs)
             Began as a Djinni Fire Elementalist on Feb 13, 2023.
             Slain by Pikel
             ... wielding a +2 whip of freezing
              (3 damage)
             ... on level 4 of the Dungeon.
             The game lasted 00:04:59 (3099 turns).

Crownlay the Trooper (Djinni Fire Elementalist)     Turns: 3099, Time: 00:04:59

Health: 0/41       AC:  2    Str:  7    XL:     5   Next: 82%
Gold:   129        EV: 12    Int: 18    God:
                   SH:  0    Dex: 14

rFire   + + .      SeeInvis .    e - +1 mace (protect)
rCold   x . .      Faith    .    (no shield)
rNeg    . . .      Spirit   .    a - +0 robe
rPois   ∞          Reflect  .    (no helmet)
rElec   .          Harm     .    (no cloak)
rCorr   .          Rampage  .    (no gloves)
Will    .....                    (boots unavailable)
Stlth   ++                       (no amulet)
HPRegen 0.26/turn                (no ring)
MPRegen 0.00/turn                (no ring)

@: flying, very slightly contaminated
A: sickness immunity, fire resistance 2, cold vulnerability 1, float, innate
caster, HP casting, extra vitality 1
a: no special abilities


You were on level 4 of the Dungeon.
You visited 1 branch of the dungeon, and saw 4 of its levels.

You collected 129 gold pieces.

Inventory:

Hand Weapons
 e - a +1 mace of protection (weapon)
Armour
 a - a +0 robe (worn)
Wands
 r - a wand of flame (23)
Scrolls
 c - 2 scrolls of fear {unknown}
 f - 2 scrolls of teleportation {unknown}
 g - 2 scrolls of identify {unknown}
 h - 2 scrolls of acquirement {unknown}
 i - a scroll of magic mapping {unknown}
 m - a scroll of enchant weapon {unknown}
 o - a scroll of silence {unknown}
 p - a scroll of vulnerability {unknown}
 q - 2 scrolls of fog {unknown}
Potions
 b - 6 potions of curing {unknown}
 d - 2 potions of mutation {unknown}
 j - 2 potions of haste {unknown}
 k - 2 potions of heal wounds {unknown}
 l - a potion of attraction {unknown}
 n - a potion of cancellation {unknown}


   Skills:
 * Level 4.1 Fighting
 - Level 2.1 Dodging
 - Level 1.5 Stealth
 + Level 3.3 Spellcasting


You couldn't memorise any spells.
You knew the following spells:

 Your Spells              Type           Power      Damage    Failure   Level
a - Foxfire               Conj/Fire      56%        2x1d6     4%          1
b - Scorch                Fire           28%        2d6       6%          2
c - Kindle Blastsparks    Fire/Tloc/Air  28%        2d12      12%         3
d - Inner Flame           Hex/Fire       14%        N/A       12%         3
e - Flame Wave            Conj/Fire      14%        2d6       38%         4
f - Necrotise             Necr           56%        1d6       4%          1
g - Poisonous Vapours     Pois/Air       28%        N/A       6%          2
Your spell library was empty.

Dungeon Overview and Level Annotations

Branches:
Dungeon (4/15)
 Temple: D:4-7

Altars:
Nemelex Xobeh
Okawaru

Annotations:
D:4 Pikel


Innate Abilities, Weirdness & Mutations

You are immune to sickness and miasma.
You are immune to poison.
Your flesh is very heat resistant. (rF++)
You are vulnerable to cold. (rC-)
You float through the air rather than walking.
You learn spells naturally, not from books.
Your magical power is your life essence.
You have superior vitality. (+4 MHP)


Message History

Pikel is engulfed in blazing flames.
Flame seeps out of Pikel.
Casting: Foxfire (safe; 4% risk of failure)
Confirm with . or Enter, or press ? or * to list all spells.
You conjure some foxfire!
Flame seeps out of Pikel.
The foxfire hits Pikel.
Pikel resists.
Flame seeps out of Pikel.
Pikel is heavily wounded.
The foxfire hits Pikel but does no damage.
Pikel is heavily wounded.
Pikel is engulfed in blazing flames.
Flame seeps out of Pikel.
The foxfire hits Pikel but does no damage.
Pikel is severely wounded.
A lemure comes into view.
You hit Pikel.
Flame seeps out of Pikel.
Your weapon exudes an aura of protection.
Pikel is severely wounded.
Flame seeps out of Pikel.
The foxfire hits Pikel but does no damage.
Pikel is severely wounded.
Casting: Foxfire (safe; 4% risk of failure)
Confirm with . or Enter, or press ? or * to list all spells.
You conjure some foxfire!
Pikel is engulfed in blazing flames.
Flame seeps out of Pikel.
Pikel hits you but does no damage. Pikel attacks as you move away!
Pikel hits you with a +2 whip of freezing!
Pikel freezes you.
* * * LOW HITPOINT WARNING * * *
Flame seeps out of Pikel.
Pikel looks more healthy.
The foxfire hits Pikel but does no damage.
Pikel is almost dead.
The foxfire hits Pikel but does no damage.
Pikel is almost dead.
Pikel is engulfed in blazing flames.
Flame seeps out of Pikel.
Casting: Foxfire (safe; 4% risk of failure)
Confirm with . or Enter, or press ? or * to list all spells.
You conjure some foxfire!
* * * LOW HITPOINT WARNING * * *
Pikel hits you with a +2 whip of freezing!
* * * LOW HITPOINT WARNING * * *
Pikel freezes you.
You die...

#.###.# #.#
#########
#.#####.......#
#..........#..#
#######.##.#..#
#.##.#..#
#.##.#..##
#....v...####.
#....K@.......
##..>.§v.)....
...(55.5..##......
...###..### .####.
. #... .# #.?. .#
#.### #. ..


You could see Pikel (inner flame, ally target) and 3 lemures.

Vanquished Creatures
  A lemure (D:4)
  Jessica (D:3)
  Robin (D:2)
  A gnoll (D:1)
  4 adders
  2 orcs (D:3)
  6 ball pythons
  11 bats
  6 endoplasms
  3 giant cockroaches
  18 goblins
  7 hobgoblins
  3 quokkas
  4 frilled lizards
  5 kobolds (D:3)
  6 rats
79 creatures vanquished.

Vanquished Creatures (others)
  324 foxfires
324 creatures vanquished.

Grand Total: 403 creatures vanquished

Notes
Turn   | Place    | Note
-------+----------+-------------------------------------------
     0 | D:1      | Crownlay the Djinni Fire Elementalist began the quest for
                  | the Orb.
     0 | D:1      | Crownlay set off with the following spells memorised:
                  | Foxfire, Scorch, Kindle Blastsparks, Inner Flame, Flame
                  | Wave.
     0 | D:1      | Reached XP level 1. HP: 15/15 MP: 0/0
    84 | D:1      | Reached skill level 1 in Fighting
    85 | D:1      | Reached XP level 2. HP: 17/22 MP: 0/0
   294 | D:1      | Reached skill level 2 in Fighting
   294 | D:1      | Reached XP level 3. HP: 24/28 MP: 0/0
   294 | D:1      | Learned a level 1 spell: Necrotise
  1260 | D:2      | Reached XP level 4. HP: 31/34 MP: 0/0
  1451 | D:2      | Noticed Robin
  1463 | D:2      | Reached skill level 3 in Fighting
  1536 | D:2      | Killed Robin
  1700 | D:2      | Reached XP level 5. HP: 40/40 MP: 0/0
  1700 | D:2      | Learned a level 2 spell: Poisonous Vapours
  2075 | D:2      | Found a faded altar of an unknown god.
  2602 | D:3      | Noticed Jessica
  2606 | D:3      | Killed Jessica
  2669 | D:3      | Found a sparkling altar of Nemelex Xobeh.
  2670 | D:3      | Found an iron altar of Okawaru.
  2711 | D:3      | Reached skill level 4 in Fighting
  3081 | D:4      | Noticed a lemure
  3087 | D:4      | Killed a lemure
  3089 | D:4      | Noticed Pikel
  3092 | D:4      | Noticed a lemure
  3093 | D:4      | Noticed a lemure
  3095 | D:4      | Noticed a lemure
  3099 | D:4      | Slain by Pikel

Illustrated notes

Levels and vault maps discovered:
D:1:      lightli_arrival_quake, layout_basic
D:2:      layout_basic, shapermc_ecumenical_altar_mp_vishouse, uniq_robin
D:3:      layout_loops_ring, chequers_temple_overflow_statue_of_worship,
          dk_vineyard_2, uniq_jessica
D:4:      layout_loops_cross, lemuel_round_altar, uniq_crazy_yiuf_cottage,
          uniq_blork_the_orc, uniq_pikel

Skill      XL: |  1  2  3  4  5 |
---------------+----------------+-----
Fighting       | 1 2 3 4 |  4.1
Spellcasting   | 3 |  3.3
Dodging        | |  2.1
Stealth        | |  1.5

Action                     |  1- 3 |  4- 6 || total
---------------------------+-------+-------++-------
  Melee: Unarmed           |     1 |       ||     1
         Mace              |       |     3 ||     3
   Cast: Foxfire           |    98 |    99 ||   197
         Scorch            |       |     6 ||     6
         Inner Flame       |       |     3 ||     3
         Poisonous Vapours |       |     3 ||     3
 Armour: Robe              |     1 |     7 ||     8
  Dodge: Dodged            |     2 |     9 ||    11

Table legend: (Time is in decaauts)
 A = Elapsed time spent in this place.
 B = Non-inter-level travel time spent in this place.
 C = Inter-level travel time spent in this place.
 D = Time resting spent in this place.
 E = Time spent auto-exploring this place.
 F = Levels seen in this place.
 G = Mean time per level.
                   A        B        C        D        E       F      G
               +--------+--------+--------+--------+--------+-----+--------+
         Total |   3099 |   3017 |     82 |      0 |   2620 |   4 |  774.8 |
       Dungeon |   3099 |   3017 |     82 |      0 |   2620 |   4 |  774.8 |
               +--------+--------+--------+--------+--------+-----+--------+

Top non-repeatable levels by time:
     D:1: 1144 daAuts
     D:2: 1091 daAuts
     D:3: 819 daAuts
     D:4: 43 daAuts
